 Dungeon Crawl Stone Soup version bcrawl-1.21.2-1-g32d02e0829 (webtiles) character file.

Game seed: 4621012903033323317

9 Notrik the Covered (level 2, 27/27 HPs)
             Began as a Minotaur Fighter on Feb 17, 2020.
             Got out of the dungeon alive.
             The game lasted 00:00:22 (355 turns).

Notrik the Covered (Minotaur Fighter)                Turns: 355, Time: 00:00:23

Health: 27/27      AC:  7    Str: 20    XL:     2   Next: 6%
Magic:  1/1        EV:  7    Int:  5    God:
Gold:   59         SH:  9    Dex:  9    Spells: 1/1 levels left

rFire    . . .     SeeInvis .   a - +0 long sword
rCold    . . .     Gourm    .   c - +0 shield
rNeg     . . .     Faith    .   b - +0 scale mail
rPois    .         Spirit   .   (helmet restricted)
rElec    .         Reflect  .   (no cloak)
rCorr    .         Harm     .   (no gloves)
MR       .....                  (no boots)
Stlth    ..........             (no amulet)
HPRegen  0.09/turn              (no ring)
MPRegen  0.07/turn              (no ring)

@: no status effects
A: retaliatory headbutt, horns 2
a: no special abilities


You escaped.
You were not hungry.

You visited 1 branch of the dungeon, and saw 1 of its levels.

You collected 59 gold pieces.

Inventory:

Hand Weapons
 a - a +0 long sword (weapon)
Armour
 b - a +0 scale mail (worn)
 c - a +0 shield (worn)
Scrolls
 f - 3 scrolls of identify {unknown}
 h - a scroll of teleportation {unknown}
 i - a scroll of remove curse {unknown}
Potions
 d - a potion of might
 g - a potion of resistance {unknown}
Comestibles
 e - a ration {!d}


   Skills:
 + Level 3.8 Fighting
 + Level 2.7 Long Blades
 + Level 3.8 Armour
 + Level 3.8 Shields


You had one spell level left.
You didn't know any spells.
Your spell library was empty.

Dungeon Overview and Level Annotations

Branches:
Dungeon (1/12)

Altars:


Innate Abilities, Weirdness & Mutations

You reflexively headbutt those who attack you in melee.
You have a pair of horns on your head.


Message History

The ooze hits you but does no damage.
Lua error: [string "/dgldir/rcfiles/crawl-bcrawl/Notrik.rc"]:2: attempt to call global 'AnnounceDamage' (a nil value)
You hit the ooze but do no damage. The ooze hits you but does no damage.
You block the ooze's attack.
Lua error: [string "/dgldir/rcfiles/crawl-bcrawl/Notrik.rc"]:2: attempt to call global 'AnnounceDamage' (a nil value)
You hit the ooze. You headbutt the ooze.
The ooze is severely wounded.
The ooze hits you.
Lua error: [string "/dgldir/rcfiles/crawl-bcrawl/Notrik.rc"]:2: attempt to call global 'AnnounceDamage' (a nil value)
You hit the ooze but do no damage. You headbutt the ooze.
You kill the ooze!
You have reached level 2!
Lua error: [string "/dgldir/rcfiles/crawl-bcrawl/Notrik.rc"]:2: attempt to call global 'AnnounceDamage' (a nil value)
You open the door.
Found a stone staircase leading down.
There is an open door here.
Lua error: [string "/dgldir/rcfiles/crawl-bcrawl/Notrik.rc"]:2: attempt to call global 'AnnounceDamage' (a nil value)
You open the door.
There is an open door here.
A bat comes into view.
Lua error: [string "/dgldir/rcfiles/crawl-bcrawl/Notrik.rc"]:2: attempt to call global 'AnnounceDamage' (a nil value)
A bat is nearby!
Lua error: [string "/dgldir/rcfiles/crawl-bcrawl/Notrik.rc"]:2: attempt to call global 'AnnounceDamage' (a nil value)
A bat is nearby!
Lua error: [string "/dgldir/rcfiles/crawl-bcrawl/Notrik.rc"]:2: attempt to call global 'AnnounceDamage' (a nil value)
A bat is nearby!
Lua error: [string "/dgldir/rcfiles/crawl-bcrawl/Notrik.rc"]:2: attempt to call global 'AnnounceDamage' (a nil value)
A bat is nearby!
Lua error: [string "/dgldir/rcfiles/crawl-bcrawl/Notrik.rc"]:2: attempt to call global 'AnnounceDamage' (a nil value)
A bat is nearby!
Lua error: [string "/dgldir/rcfiles/crawl-bcrawl/Notrik.rc"]:2: attempt to call global 'AnnounceDamage' (a nil value)
You miss the bat. You headbutt the bat.
You kill the bat!
Lua error: [string "/dgldir/rcfiles/crawl-bcrawl/Notrik.rc"]:2: attempt to call global 'AnnounceDamage' (a nil value) No target in view!
Lua error: [string "/dgldir/rcfiles/crawl-bcrawl/Notrik.rc"]:2: attempt to call global 'AnnounceDamage' (a nil value) No target in view!
Lua error: [string "/dgldir/rcfiles/crawl-bcrawl/Notrik.rc"]:2: attempt to call global 'AnnounceDamage' (a nil value) No target in view!
Lua error: [string "/dgldir/rcfiles/crawl-bcrawl/Notrik.rc"]:2: attempt to call global 'AnnounceDamage' (a nil value) No target in view!
Lua error: [string "/dgldir/rcfiles/crawl-bcrawl/Notrik.rc"]:2: attempt to call global 'AnnounceDamage' (a nil value) No target in view!
Lua error: [string "/dgldir/rcfiles/crawl-bcrawl/Notrik.rc"]:2: attempt to call global 'AnnounceDamage' (a nil value) No target in view!
Lua error: [string "/dgldir/rcfiles/crawl-bcrawl/Notrik.rc"]:2: attempt to call global 'AnnounceDamage' (a nil value) No target in view!
Lua error: [string "/dgldir/rcfiles/crawl-bcrawl/Notrik.rc"]:2: attempt to call global 'AnnounceDamage' (a nil value) No target in view!
Lua error: [string "/dgldir/rcfiles/crawl-bcrawl/Notrik.rc"]:2: attempt to call global 'AnnounceDamage' (a nil value) No target in view!
Lua error: [string "/dgldir/rcfiles/crawl-bcrawl/Notrik.rc"]:2: attempt to call global 'AnnounceDamage' (a nil value) No target in view!
Lua error: [string "/dgldir/rcfiles/crawl-bcrawl/Notrik.rc"]:2: attempt to call global 'AnnounceDamage' (a nil value) No target in view!
Lua error: [string "/dgldir/rcfiles/crawl-bcrawl/Notrik.rc"]:2: attempt to call global 'AnnounceDamage' (a nil value) No target in view!
Lua error: [string "/dgldir/rcfiles/crawl-bcrawl/Notrik.rc"]:2: attempt to call global 'AnnounceDamage' (a nil value) No target in view!
Lua error: [string "/dgldir/rcfiles/crawl-bcrawl/Notrik.rc"]:2: attempt to call global 'AnnounceDamage' (a nil value) No target in view!
Lua error: [string "/dgldir/rcfiles/crawl-bcrawl/Notrik.rc"]:2: attempt to call global 'AnnounceDamage' (a nil value) No target in view!
Lua error: [string "/dgldir/rcfiles/crawl-bcrawl/Notrik.rc"]:2: attempt to call global 'AnnounceDamage' (a nil value) No target in view!
Lua error: [string "/dgldir/rcfiles/crawl-bcrawl/Notrik.rc"]:2: attempt to call global 'AnnounceDamage' (a nil value) No target in view!
Lua error: [string "/dgldir/rcfiles/crawl-bcrawl/Notrik.rc"]:2: attempt to call global 'AnnounceDamage' (a nil value) No target in view!
Lua error: [string "/dgldir/rcfiles/crawl-bcrawl/Notrik.rc"]:2: attempt to call global 'AnnounceDamage' (a nil value) No target in view!
Lua error: [string "/dgldir/rcfiles/crawl-bcrawl/Notrik.rc"]:2: attempt to call global 'AnnounceDamage' (a nil value) No target in view!
Lua error: [string "/dgldir/rcfiles/crawl-bcrawl/Notrik.rc"]:2: attempt to call global 'AnnounceDamage' (a nil value) No target in view!
Lua error: [string "/dgldir/rcfiles/crawl-bcrawl/Notrik.rc"]:2: attempt to call global 'AnnounceDamage' (a nil value) No target in view!
Lua error: [string "/dgldir/rcfiles/crawl-bcrawl/Notrik.rc"]:2: attempt to call global 'AnnounceDamage' (a nil value) No target in view!
Lua error: [string "/dgldir/rcfiles/crawl-bcrawl/Notrik.rc"]:2: attempt to call global 'AnnounceDamage' (a nil value) No target in view!
Lua error: [string "/dgldir/rcfiles/crawl-bcrawl/Notrik.rc"]:2: attempt to call global 'AnnounceDamage' (a nil value) No target in view!
Lua error: [string "/dgldir/rcfiles/crawl-bcrawl/Notrik.rc"]:2: attempt to call global 'AnnounceDamage' (a nil value) No target in view!
Lua error: [string "/dgldir/rcfiles/crawl-bcrawl/Notrik.rc"]:2: attempt to call global 'AnnounceDamage' (a nil value) Unknown command.
Lua error: [string "/dgldir/rcfiles/crawl-bcrawl/Notrik.rc"]:2: attempt to call global 'AnnounceDamage' (a nil value) Unknown command.
Lua error: [string "/dgldir/rcfiles/crawl-bcrawl/Notrik.rc"]:2: attempt to call global 'AnnounceDamage' (a nil value) Unknown command.
Lua error: [string "/dgldir/rcfiles/crawl-bcrawl/Notrik.rc"]:2: attempt to call global 'AnnounceDamage' (a nil value)
There is an open door here.
There is an open door here.
There is a large open door here.
There is an open door here.
There is a staircase leading out of the dungeon here.
Lua error: [string "/dgldir/rcfiles/crawl-bcrawl/Notrik.rc"]:2: attempt to call global 'AnnounceDamage' (a nil value) Are you sure you want to leave the Dungeon?
This will make you lose the game!
You have escaped!

#...# # #...# .
#...############## .
#...###.#8#.#8#.###############.
#...#8#+#.#+#.#+#8#.............
#...'.............'.# #......
##...'.............'.######......
.'...#8#+#.#+#.#'#8#.............
##...###.#8#.#8#@###.........[...
##....#############..............
##..................#....).......
##.###.##.#..#####.##.)..........
...###.##.##.# #.##............
#...#..##.##.# #.##............
##....###'##.#####.##............
#.###..........##.##............
#.# #..........##.##............


There were no monsters in sight!

Vanquished Creatures
  An ooze (D:1)
  2 hobgoblins (D:1)
  A kobold (D:1)
  A bat (D:1)
5 creatures vanquished.

Notes
Turn   | Place    | Note
-------+----------+-------------------------------------------
     0 | D:1      | Notrik the Minotaur Fighter began the quest for the Orb.
     0 | D:1      | Reached XP level 1. HP: 19/19 MP: 0/0
   282 | D:1      | Reached XP level 2. HP: 24/27 MP: 1/1
   355 | D:$      | Got out of the dungeon alive.

Action                   || total
-------------------------++-------
Melee: Long sword        ||    19
       Headbutt          ||     5
Armor: Scale mail        ||     5
Dodge: Dodged            ||     3
Block: Shield            ||     8

Levels and vault maps discovered:
D:1:      wander_arrival_abandoned_jail, layout_basic

Table legend:
 A = Turns spent in this place as a percentage of turns spent in the entire game.
 B = Non-inter-level travel turns spent in this place as a percentage of non-inter-level travel turns spent in the entire game.
 C = Inter-level travel turns spent in this place as a percentage of turns spent in this place.
 D = Turns resting spent in this place as a percentage of non-inter-level travel turns spent in this place.
 E = Turns spent auto-exploring this place as a percentage of non-inter-level travel turns spent in this place.
 F = Non-inter-level travel turns spent in this place divided by the number of levels of this place that you've seen.
                   A       B       C       D       E      F
               +-------+-------+-------+-------+-------+----------------------
         Total | 100.0 | 100.0 |   8.2 |   0.0 |  87.7 | 326.0
       Dungeon | 100.0 | 100.0 |   8.2 |   0.0 |  87.7 | 326.0
               +-------+-------+-------+-------+-------+----------------------

Table legend:
 A = Kills in this place as a percentage of kills in entire the game.
 B = Kills by you in this place as a percentage of kills by you in the entire game.
 C = Kills by friends in this place as a percentage of kills by friends in the entire game.
 D = Other kills in this place as a percentage of other kills in the entire game.
 E = Experience gained in this place as a percentage of experience gained in the entire game.
 F = Experience gained in this place divided by the number of levels of this place that you have seen.
                   A       B       C       D       E      F
               +-------+-------+-------+-------+-------+----------------------
         Total | 100.0 | 100.0 |   N/A |   N/A | 100.0 |  14.0
       Dungeon | 100.0 | 100.0 |   N/A |   N/A | 100.0 |  14.0
               +-------+-------+-------+-------+-------+----------------------
